 Dungeon Crawl Stone Soup version 0.19.3-4-gbf9329e (webtiles) character file.

30 Gargoyl the Skirmisher (level 3, -1/33 HPs)
             Began as a Ghoul Abyssal Knight on Jan 29, 2017.
             Was a Follower of Lugonu.
             Slain by a gnoll
             ... wielding a +0 flail of protection
              (5 damage)
             ... on level 1 of the Dungeon.
             The game lasted 00:03:09 (943 turns).

Gargoyl the Skirmisher (Ghoul Abyssal Knight)        Turns: 943, Time: 00:03:09

Health: -1/33      AC:  6    Str: 13 (15) XL:     3   Next: 20%
Magic:  3/3        EV: 10    Int: 11 (12) God:    Lugonu [*.....]
Gold:   82         SH:  0    Dex:  6 (9)  Spells: 0 memorised, 2 levels left

rFire  + . .     SeeInvis .     a - +1 hand axe
rCold  + . .     Gourm    .     l - +0 ring mail
rNeg   + + +     Faith    .     (no shield)
rPois  ∞         Spirit   .     (no helmet)
rElec  .         Reflect  .     (no cloak)
rCorr  .         Harm     .     f - +0 pair of gloves
MR     .....                    (no boots)
Stlth  ..........               (no amulet)
                                (no ring)
                                h - ring of protection from fire

@: brilliant, rotting
A: rotting body, claws 1, carnivore 3, cold resistance 1, negative energy
resistance 3, slow regeneration 1, torment resistance, unbreathing
a: Depart the Abyss, Renounce Religion


You were on level 1 of the Dungeon.
You worshipped Lugonu.
Lugonu was aware of your devotion.
You were not hungry.

You visited 1 branch of the dungeon, and saw 2 of its levels.
You visited the Abyss 1 time.

You collected 82 gold pieces.

Inventory:

Hand Weapons
 a - a +1 hand axe (weapon)
Armour
 f - a +0 pair of gloves (worn)
 l - a +0 ring mail (worn)
Jewellery
 h - a ring of protection from fire (left hand)
Scrolls
 j - a scroll of identify {unknown}
Comestibles
 c - a meat ration
 g - a beef jerky


   Skills:
 + Level 3.8 Fighting
 + Level 2.0 Axes
 * Level 2.1 Armour
 + Level 1.1 Dodging
 * Level 2.4 Invocations


You had 2 spell levels left.
You didn't know any spells.

Dungeon Overview and Level Annotations

Branches:
Dungeon (2/15)

Altars:


Innate Abilities, Weirdness & Mutations

Your body is rotting away.
You thrive on raw meat.
You are immune to poison.
You have sharp fingernails.
You are carnivorous and can eat meat at any time.
Your flesh is cold resistant. (rC+)
You are immune to negative energy. (rN+++)
You regenerate slowly when monsters are visible.
You are immune to unholy pain and torment.
You can survive without breathing.


Message History

The gnoll hits you.
It was a potion of brilliance.
You feel clever all of a sudden. The gnoll completely misses you.
The gnoll closely misses you.
It was a potion of lignification.
You feel woody for a moment.
The gnoll hits you with a flail of protection.
The gnoll misses you.
You hit the gnoll but do no damage. You hit the gnoll.
The gnoll hits you with a flail of protection.
The gnoll hits you.
You hit the gnoll but do no damage. You closely miss the gnoll.
The gnoll hits you but does no damage.
The gnoll hits you with a flail of protection!
* * * LOW HITPOINT WARNING * * *
You hit the gnoll but do no damage. You hit the gnoll.
The gnoll hits you but does no damage. x2
You hit the gnoll but do no damage. You closely miss the gnoll.
The gnoll closely misses you.
The gnoll hits you with a flail of protection.
You die...

....##.......##.#
.......#.#+####.#################
....####........................#
...^............#################
....####........## #.###
#.........# #.# ##........# #.#
#.......#g# #.# ##.#####.#@# #.#
#......#)#g# ..# #..#...#.#.#
#######........#.#
......#....#...#.#
#####.#....###.#.# #.#........#.#
#.#........#.# #####.#.#......#.#


You could see 2 gnolls.

Vanquished Creatures
  A leopard gecko (D:1)
  10 goblins (D:1)
  5 hobgoblins (D:1)
  3 kobolds (D:1)
  4 bats (D:1)
  A frilled lizard (D:1)
  3 rats (D:1)
27 creatures vanquished.

Notes
Turn   | Place    | Note
-------+----------+-------------------------------------------
     0 | Abyss:1  | Gargoyl the Ghoul Abyssal Knight began the quest for the Orb.
     0 | Abyss:1  | Reached XP level 1. HP: 19/19 MP: 1/1
    18 | Abyss:2  | Noticed a small abomination
    26 | Abyss:2  | Noticed a shining eye
    28 | Abyss:2  | Noticed a smoke demon
    44 | Abyss:2  | Noticed a spatial vortex
    49 | Abyss:2  | Noticed a spatial maelstrom
    61 | Abyss:3  | Noticed a small abomination
    69 | Abyss:3  | Noticed a mana viper
    81 | Abyss:4  | Found a corrupted altar of Lugonu.
   103 | Abyss:4  | Noticed a hell hound
   104 | Abyss:4  | Noticed a hell hound
   105 | Abyss:4  | Noticed a hell hound
   106 | D:1      | Escaped the Abyss
   164 | D:1      | Reached * piety under Lugonu
   221 | D:1      | Reached XP level 2. HP: 26/26 MP: 2/2
   553 | D:1      | Reached XP level 3. HP: 32/33 MP: 3/3
   748 | D:1      | Reached skill level 1 in Dodging
   943 | D:1      | Slain by a gnoll

Skill      XL: |  1  2  3 |
---------------+----------+-----
Armour         | 2 |  2.1
Axes           | 2 |  2.0
Dodging        | 1 |  1.1
Fighting       | |  3.8
Invocations    | |  2.4

Action                   || total
-------------------------++-------
Melee: Hand axe          ||    78
Invok: Depart the Abyss  ||     1
  Use: Scroll            ||     2
       Potion            ||     3
  Eat: Chunk             ||    16
Armor: Leather armour    ||    23
       Ring mail         ||    12
Dodge: Dodged            ||    49
